 Dungeon Crawl Stone Soup version 0.27-a0-412-g8dd771eca2 (webtiles) character file.

Game seed: 14836645259897645535

7 ReteAZ the Insei (level 1, -1/15 HPs)
             Began as a Demigod Transmuter on Feb 24, 2021.
             Slain by a jackal (2 damage)
             ... on level 1 of the Dungeon.
             The game lasted 00:00:23 (174 turns).

ReteAZ the Insei (Demigod Transmuter)                Turns: 174, Time: 00:00:24

Health: -1/15      AC:  2    Str: 11    XL:     1   Next: 66%
Magic:  5/5        EV: 12    Int: 15    God:
Gold:   3          SH:  0    Dex: 14    Spells: 2/3 levels left

rFire    . . .     SeeInvis .     - Unarmed
rCold    . . .     Faith    .   (no shield)
rNeg     . . .     Spirit   .   a - +0 robe
rPois    .         Reflect  .   (helmet currently unavailable)
rElec    .         Harm     .   (no cloak)
rCorr    .         Rampage  .   (no gloves)
Will     .....                  (boots currently unavailable)
Stlth    +.........             (no amulet)
HPRegen  0.05/turn              (no ring)
MPRegen  0.09/turn              (no ring)

@: appendages (expiring)
A: horns 2, talons 2, high mp 1
a: End Transformation


You were on level 1 of the Dungeon.
You had grown temporary horns.
You had grown temporary talons.
You visited 1 branch of the dungeon, and saw 1 of its levels.

You collected 3 gold pieces.

Inventory:

Armour
 a - a +0 robe (worn)
Potions
 b - a potion of mutation {unknown}
 c - a potion of brilliance {unknown}


   Skills:
 - Level 0.8 Fighting
 - Level 1.7 Dodging
 * Level 2.9 Unarmed Combat
 + Level 1.9 Spellcasting
 * Level 2.0 Transmutations


You had 2 spell levels left.
You knew the following spells:

 Your Spells              Type           Power        Failure   Level
a - Beastly Appendage     Tmut           14%          10%         1

Your spell library contained the following spells:

 Spells                   Type           Power        Failure   Level
 Wereblood                Tmut           7%           14%         2
 Spider Form              Tmut/Pois      2%           41%         3
 Ice Form                 Ice/Tmut       4%           82%         4
 Blade Hands              Tmut           3%           95%         5


Dungeon Overview and Level Annotations

Branches:
Dungeon (1/15)


Innate Abilities, Weirdness & Mutations

You have an increased reservoir of magic. (+10% MP)
You have a pair of horns on your head.
You have razor-sharp toenails.


Message History

You grow a pair of large bovine horns.
Your feet morph into talons.
The jackal barely misses you.
You closely miss the jackal. The jackal closely misses you.
The jackal bites you but does no damage.
You barely miss the jackal. Your kick misses the jackal.
The jackal bites you but does no damage.
You closely miss the jackal. Your kick misses the jackal.
Your headbutt misses the jackal.
Your transformation is almost over.
The jackal barely misses you.
You closely miss the jackal. You claw the jackal, but do no damage.
The jackal barely misses you.
The jackal bites you but does no damage.
You hit the jackal. You claw the jackal.
You kill the jackal!
The jackal bites you.
You closely miss the jackal. Your kick misses the jackal.
The jackal bites you but does no damage.
You hit the jackal.
You headbutt the jackal, but do no damage.
The jackal is moderately wounded.
The jackal bites you.
* * * LOW HITPOINT WARNING * * *
You hit the jackal.
The jackal is almost dead.
The jackal misses you.
You hit the jackal but do no damage.
The jackal is almost dead.
The jackal bites you.
* * * LOW HITPOINT WARNING * * *
The jackal bites you.
* * * LOW HITPOINT WARNING * * *
You hit the jackal but do no damage. Your kick misses the jackal.
Your headbutt misses the jackal.
The jackal is almost dead.
The jackal bites you but does no damage.
You hit the jackal but do no damage. You claw the jackal, but do no damage.
The jackal is almost dead.
The jackal bites you.
You die...

####..# #..# #.#
..##..###..###.#
#.##...........#
#.##...###.###.# #.#....#
#.# #.# ###.#....###.# #.#
.............###.####
.##..(..............#
.##..........###@######+##
.##......#...# #h#.......#
.##......#...# #hl.......#
.##......#...# ###.......#
.##....[.#...#
######..†.....>
(........#...######
#..#####..
................... .....
.#......###..^.....
.......
.#......###.###.###
##......#


You could see 2 jackals and a frilled lizard.

Vanquished Creatures
  A leopard gecko (D:1)
  A hobgoblin (D:1)
  2 jackals (D:1)
  A kobold (D:1)
5 creatures vanquished.

Notes
Turn   | Place    | Note
-------+----------+-------------------------------------------
     0 | D:1      | ReteAZ the Demigod Transmuter began the quest for the Orb.
     0 | D:1      | Reached XP level 1. HP: 15/15 MP: 5/5
   174 | D:1      | Slain by a jackal

Illustrated notes

Levels and vault maps discovered:
D:1:      nzn_arrival_crosshair, layout_basic

Skill      XL: |  1 |
---------------+----+-----
Transmutations | 2 |  2.0
Fighting       | |  0.8
Dodging        | |  1.7
Unarmed Combat | |  2.9
Spellcasting   | |  1.9

Action                   || total
-------------------------++-------
Melee: Unarmed           ||    23
       Kick              ||     4
       Headbutt          ||     2
 Cast: Beastly Appendage ||     4
Armor: Robe              ||     6
Dodge: Dodged            ||    17

Table legend: (Time is in decaauts)
 A = Elapsed time spent in this place.
 B = Non-inter-level travel time spent in this place.
 C = Inter-level travel time spent in this place.
 D = Time resting spent in this place.
 E = Time spent auto-exploring this place.
 F = Levels seen in this place.
 G = Mean time per level.
                   A        B        C        D        E       F      G
               +--------+--------+--------+--------+--------+-----+--------+
         Total |    173 |    173 |      0 |      0 |    124 |   1 |  173.0 |
       Dungeon |    173 |    173 |      0 |      0 |    124 |   1 |  173.0 |
               +--------+--------+--------+--------+--------+-----+--------+

Top non-repeatable levels by time:
     D:1: 173 daAuts
